 Dungeon Crawl Stone Soup version 0.22-a0-455-ga0624bf (webtiles) character file.

8267 KristoblXynda the Cleaver (level 11, -10/94 HPs)
             Began as a Deep Dwarf Fighter on June 5, 2018.
             Was an Elder of Makhleb.
             Mangled by a two-headed ogre
             ... wielding a +0 giant club
              (18 damage)
             ... on level 10 of the Dungeon.
             The game lasted 00:23:59 (8554 turns).

KristoblXynda the Cleaver (Deep Dwarf Fighter)      Turns: 8554, Time: 00:24:00

Health: -10/94     AC: 13    Str: 24    XL:     11   Next: 7%
Magic:  3/3        EV: 10    Int: 10    God:    Makhleb [****..]
Gold:   247        SH: 12    Dex: 14    Spells: 10/10 levels left

rFire    . . .     SeeInvis +   a - +1 war axe
rCold    + . .     Gourm    .   c - +0 shield
rNeg     . . .     Faith    .   d - +0 chain mail
rPois    +         Spirit   .   g - +0 helmet
rElec    .         Reflect  .   (no cloak)
rCorr    .         Harm     .   (no gloves)
MR       +....                  (no boots)
Stlth    ..........             (no amulet)
HPRegen  0.00/turn              r - ring of poison resistance
MPRegen  0.08/turn              u - ring "Bosonunex" {rC+ Str+2 Dex+2 SInv}

@: non-regenerating
A: damage resistance, heal wounds, sense surroundings 2, no regeneration
a: Heal Wounds, Minor Destruction, Lesser Servant of Makhleb, Major Destruction,
Renounce Religion


You were on level 10 of the Dungeon.
You worshipped Makhleb.
Makhleb was greatly pleased with you.
You were not hungry.

You visited 2 branches of the dungeon, and saw 11 of its levels.
You also visited: Bailey.

You collected 575 gold pieces.
You spent 328 gold pieces at shops.

Inventory:

Hand Weapons
 a - a +1 war axe (weapon)
Missiles
 m - 41 tomahawks of returning (quivered)
Armour
 c - a +0 shield (worn)
 d - a +0 chain mail (worn)
 g - a +0 helmet (worn)
Jewellery
 h - an uncursed ring of resist corrosion
 r - a ring of poison resistance (left hand)
 u - the ring "Bosonunex" (right hand) {rC+ Str+2 Dex+2 SInv}
   (You bought it in a shop on level 7 of the Dungeon)

   [ring of dexterity]

   It affects your strength (+2).
   It affects your dexterity (+2).
   It protects you from cold.
   It lets you see invisible.
Wands
 b - a wand of paralysis (5)
 t - a wand of digging (20)
Scrolls
 e - 2 scrolls of immolation
 i - 3 scrolls of remove curse
 k - a scroll of enchant armour
 q - 3 scrolls of amnesia
Potions
 j - a potion of might
 l - 2 potions of flight
 n - 2 potions of magic
 o - 2 potions of mutation
 w - a potion of berserk rage {unknown}
Miscellaneous
 v - a phantom mirror
 x - a box of beasts
Comestibles
 f - 20 rations
 p - 4 chunks of flesh


   Skills:
 - Level 5.1 Fighting
 + Level 11.3 Axes
 + Level 9.9 Armour
 + Level 4.7 Dodging
 + Level 10.0 Shields
 + Level 0.0 Invocations
 + Level 0.0 Evocations


You had 10 spell levels left.
You didn't know any spells.
Your spell library contained the following spells:

 Spells                   Type           Power        Failure   Level  Hunger
 Fireball                 Conj/Fire      #.........   100%        5    ######.
 Conjure Flame            Conj/Fire      #.......     100%        3    ####...
 Confuse                  Hex            #.......     100%        3    ####...
 Throw Flame              Conj/Fire      #.....       99%         2    ###....
 Throw Frost              Conj/Ice       #.....       99%         2    ###....
 Freeze                   Ice            #...         98%         1    ##.....
 Sticky Flame             Conj/Fire      #.......     100%        4    #####..
 Summon Ice Beast         Ice/Summ       #.......     100%        4    #####..
 Ozocubu's Armour         Chrm/Ice       #.......     100%        3    ####...
 Tukima's Dance           Hex            #.......     100%        3    ####...
 Throw Icicle             Conj/Ice       #.......     100%        4    #####..
 Flame Tongue             Conj/Fire      #....        98%         1    ##.....
 Ensorcelled Hibernation  Hex/Ice        #.....       99%         2    ###....
 Corona                   Hex            #......      98%         1    ##.....
 Inner Flame              Hex/Fire       #.......     100%        3    ####...
 Dazzling Spray           Conj/Hex       #.....       100%        3    ####...


Dungeon Overview and Level Annotations

Branches:
Dungeon (10/15)            Temple (1/1) D:4            Lair (0/6) D:9
    Orc (0/2) D:9

Altars:
Ashenzari
Cheibriados
Dithmenos
Elyvilon
Fedhas
Gozag
Hepliaklqana
Kikubaaqudgha
Makhleb
Nemelex Xobeh
Okawaru
Qazlal
Ru
Sif Muna
Trog
Uskayaw
Vehumet
Wu Jian
Xom
Yredelemnul
Zin
The Shining One

Shops:
D:7 =


Innate Abilities, Weirdness & Mutations

You are resistant to damage.
You can heal yourself by infusing magical energy.
You passively map the area around you.
You do not regenerate.


Message History

The two-headed ogre hits you but does no damage.
The two-headed ogre hits you with a giant club!
* * * LOW HITPOINT WARNING * * *
You barely miss the two-headed ogre.
The two-headed ogre is severely wounded.
You block the two-headed ogre's attack.
The two-headed ogre hits you with a giant club!
* * * LOW HITPOINT WARNING * * *
Okay, then.
You feel much better.
You completely miss the two-headed ogre.
The two-headed ogre is severely wounded.
You block the two-headed ogre's attack.
The two-headed ogre hits you with a giant club.
You slash the two-headed ogre!
The two-headed ogre is severely wounded.
The two-headed ogre hits you with a giant club!!
* * * LOW HITPOINT WARNING * * *
The two-headed ogre hits you with a giant club!!
You die...

* #.#..#.# , * #.
,#######......# ,# ,#.
#......))..... ,#. ,#.
#....(######## * #.. ,#.
, #.....# * , #...,#>
#.....# * ,
,.....#.####.....#######.
,
,........................
...$(.O@................
,
,.....#...#.#############
* ,...........# , .
########## ,, , * , **, ,
,,, , , , , ,,, , , , , ,
* ,, * * * ,, , , , , ,,
* * , ,


You could see a two-headed ogre.

Vanquished Creatures
  2 two-headed ogres
  2 orc knights (Bailey)
  Grinder (D:4)
  Eustachio (D:5)
  6 yaks (D:9)
  4 hogs (D:7)
  A human (D:7)
  A steam dragon (D:10)
  Edmund (D:5)
  Menkaure (D:7)
  3 hungry ghosts
  Duvessa (D:5)
  5 orc warriors
  A necrophage (D:7)
  2 phantoms
  3 ice beasts
  2 sky beasts
  5 ogres
  2 centaurs
  3 bullfrogs
  Dowan (D:5)
  2 jellies (D:9)
  2 howler monkeys (D:9)
  A centaur zombie (D:8)
  A crimson imp (D:9)
  2 quasits
  3 hounds
  9 orc priests
  3 iguanas
  7 orc wizards
  5 worker ants
  A killer bee zombie (D:5)
  A hound skeleton (D:4)
  6 gnolls
  A howler monkey zombie (D:7)
  8 adders
  3 shadow imps
  An adder zombie (D:5)
  An adder skeleton (D:5)
  4 worms
  A dart slug (D:2)
  2 leopard geckos
  30 orcs
  7 giant cockroaches
  15 goblins
  11 hobgoblins
  3 jackals (D:6)
  3 quokkas
  4 ball pythons
  7 bats
  6 frilled lizards
  A giant cockroach zombie (D:6)
  20 kobolds
  A leopard gecko skeleton (D:4)
  A leopard gecko zombie (D:5)
  3 quokka skeletons
  7 rats
231 creatures vanquished.

Vanquished Creatures (others)
  A bullfrog skeleton (D:10)
1 creature vanquished.

Grand Total: 232 creatures vanquished

Notes
Turn   | Place    | Note
-------+----------+-------------------------------------------
     0 | D:1      | KristoblXynda the Deep Dwarf Fighter began the quest for the Orb.
     0 | D:1      | Reached XP level 1. HP: 20/20 MP: 1/1
   150 | D:1      | Reached XP level 2. HP: 27/27 MP: 2/2
   627 | D:2      | Reached skill level 3 in Axes
   705 | D:2      | Reached XP level 3. HP: 29/33 MP: 3/3
  1308 | D:2      | Found an ancient bone altar of Kikubaaqudgha.
  1604 | D:3      | Reached skill level 4 in Axes
  1604 | D:3      | Reached XP level 4. HP: 17/40 MP: 4/4
  2166 | D:4      | Reached XP level 5. HP: 25/46 MP: 5/5
  2192 | D:4      | Noticed Grinder
  2206 | D:4      | Paralysed by Grinder for 6 turns
  2217 | D:4      | Killed Grinder
  2217 | D:4      | Reached skill level 5 in Axes
  2217 | D:4      | Reached XP level 6. HP: 46/55 MP: 5/5
  2222 | D:4      | Found a staircase to the Ecumenical Temple.
  2230 | D:4      | Reached skill level 5 in Armour
  2230 | D:4      | Reached skill level 5 in Shields
  2235 | Temple   | Entered the Ecumenical Temple
  2367 | Temple   | Became a worshipper of Makhleb the Destroyer
  2502 | D:4      | Reached skill level 6 in Axes
  2502 | D:4      | Reached XP level 7. HP: 30/61 MP: 6/6
  2553 | D:4      | Found a deep blue altar of Sif Muna.
  2553 | D:4      | Found a sparkling altar of Nemelex Xobeh.
  2553 | D:4      | Found a hazy altar of Hepliaklqana.
  3014 | D:4      | Reached * piety under Makhleb
  3366 | D:5      | Entered Level 5 of the Dungeon
  3405 | D:5      | Noticed Eustachio
  3421 | D:5      | Killed Eustachio
  3421 | D:5      | Reached skill level 7 in Axes
  3602 | D:5      | Reached XP level 8. HP: 12/68 MP: 5/5
  3644 | D:5      | Noticed Dowan
  3658 | D:5      | Killed Dowan
  3677 | D:5      | Noticed Edmund
  3703 | D:5      | Noticed Duvessa
  3727 | D:5      | Killed Duvessa
  3727 | D:5      | Reached skill level 8 in Axes
  3753 | D:5      | Killed Edmund
  4479 | D:6      | Reached skill level 9 in Axes
  4598 | D:6      | Reached ** piety under Makhleb
  4820 | D:6      | Found a glowing silver altar of Zin.
  4985 | D:7      | Found Owownirap's Jewellery Shoppe.
  4993 | D:7      | Bought the ring "Bosonunex" {rC+ Str+2 Dex+2 SInv} for 328 gold pieces
  5032 | D:7      | Gained mutation: You passively map the area around you. [Deep Dwarf growth]
  5032 | D:7      | Reached XP level 9. HP: 40/75 MP: 4/4
  5036 | D:7      | Noticed Menkaure
  5045 | D:7      | Killed Menkaure
  5570 | D:7      | Reached skill level 10 in Axes
  5984 | D:8      | Noticed a two-headed ogre
  5994 | D:8      | Killed a two-headed ogre
  5994 | D:8      | Reached skill level 5 in Fighting
  5994 | D:8      | Reached XP level 10. HP: 36/88 MP: 3/3
  6585 | D:9      | Found a staircase to the Lair.
  6651 | D:9      | Reached skill level 1 in Dodging
  6715 | D:9      | Found a flagged portal.
  6721 | Bailey   | Entered a bailey
  6740 | Bailey   | Reached *** piety under Makhleb
  6971 | Bailey   | Noticed an orc knight
  6971 | Bailey   | Noticed an orc knight
  7004 | Bailey   | Killed an orc knight
  7010 | Bailey   | Killed an orc knight
  7380 | D:9      | Found a staircase to the Orcish Mines.
  7524 | D:9      | Noticed a two-headed ogre
  7536 | D:9      | HP: 4/88 [two-headed ogre/giant club (14)]
  7542 | D:9      | Killed a two-headed ogre
  7542 | D:9      | Reached skill level 11 in Axes
  8093 | D:9      | Found an opulent altar of Gozag.
  8174 | D:9      | Reached XP level 11. HP: 25/94 MP: 3/3
  8223 | D:9      | Reached **** piety under Makhleb
  8454 | D:10     | Entered Level 10 of the Dungeon
  8454 | D:10     | Found an ancient bone altar of Kikubaaqudgha.
  8475 | D:10     | Reached skill level 10 in Shields
  8540 | D:10     | Noticed a two-headed ogre
  8551 | D:10     | HP: 2/94 [two-headed ogre/giant club (12)]
  8554 | D:10     | Mangled by a two-headed ogre

Vault maps used:
D:1:      minmay_arrival_diagonal_passages
D:2:      kiku_gazebo_pond_becter
D:4:      gammafunk_temple_overflow_claw, temple_statues, first_ration,
          uniq_grinder
D:5:      uniq_eustachio, uniq_edmund, uniq_duvessa
D:6:      lemuel_coloured_pillars_altar
D:7:      serial_shops, shop, grunt_livestock, uniq_menkaure
D:9:      lemuel_crystal_altar, lair_entry_dummy, orc_0_dummy, enter_bailey_3
D:10:     serial_shops, nicolae_shop_stone, basic_altar, grunt_ministairs_10,
          nicolae_qazlal_style_of_elements
Temple:   regret_index_temple_sphere_string
Bailey:   bailey_axe_1, bailey

Skill      XL: |  1  2  3  4  5  6  7  8  9 10 11 |
---------------+----------------------------------+-----
Axes           | 3 4 5 6 7 9 10 11 | 11.3
Armour         | 4 5 6 7 8 9 |  9.9
Shields        | 4 5 6 7 8 9 10 | 10.0
Fighting       | 3 5 |  5.1
Dodging        | 4 |  4.7

Action                   |  1- 3 |  4- 6 |  7- 9 | 10-12 || total
-------------------------+-------+-------+-------+-------++-------
Melee: War axe           |   143 |    99 |   417 |   253 ||   912
Throw: Throwing net      |       |       |     2 |       ||     2
       Tomahawk          |       |       |       |     8 ||     8
Invok: Lesser Servant of |       |       |       |     1 ||     1
 Abil: Heal Wounds       |     1 |     2 |    12 |     7 ||    22
Evoke: Wand              |       |       |     6 |    15 ||    21
  Use: Scroll            |     5 |       |     8 |     6 ||    19
       Potion            |       |     3 |     9 |     1 ||    13
 Stab: Paralysed         |       |       |     8 |     4 ||    12
  Eat: Ration            |     1 |     1 |     2 |     4 ||     8
       Chunk             |     1 |       |     3 |     3 ||     7
Armor: Scale mail        |    64 |    28 |    36 |       ||   128
       Skin              |       |       |    26 |       ||    26
       Chain mail        |       |       |    98 |   132 ||   230
Dodge: Dodged            |    35 |    25 |    93 |   100 ||   253
Block: Shield            |    67 |    59 |   211 |   192 ||   529

Table legend:
 A = Spawn XP
 B = Non-spawn XP
 C = Spawn XP percentage of total XP
 D = Spawn monster count
 E = Non-spawn monster count
 F = Spawn count percentage of total count
 G = Total turns spent on level
                    A         B        C        D         E        F      G
               +---------+---------+-------+---------+---------+-------+---------
         Total |       0 |   11810 |   0.0 |       0 |     232 |   0.0 |  8554
               +---------+---------+-------+---------+---------+-------+---------
           D:1 |       0 |      22 |   0.0 |       0 |      16 |   0.0 |   611
           D:2 |       0 |      52 |   0.0 |       0 |      20 |   0.0 |   878
           D:3 |       0 |     111 |   0.0 |       0 |      22 |   0.0 |   672
           D:4 |       0 |     858 |   0.0 |       0 |      34 |   0.0 |  1059
           D:5 |       0 |    1037 |   0.0 |       0 |      19 |   0.0 |  1020
           D:6 |       0 |     500 |   0.0 |       0 |      15 |   0.0 |   538
           D:7 |       0 |    2035 |   0.0 |       0 |      19 |   0.0 |   728
           D:8 |       0 |    1477 |   0.0 |       0 |      15 |   0.0 |   824
           D:9 |       0 |    3758 |   0.0 |       0 |      34 |   0.0 |  1567
          D:10 |       0 |     414 |   0.0 |       0 |       6 |   0.0 |   100
        Bailey |       0 |    1546 |   0.0 |       0 |      32 |   0.0 |   411
               +---------+---------+-------+---------+---------+-------+---------
